 Dungeon Crawl Stone Soup version 0.30.1-9-gdf580d7c3d (webtiles) character file.

Game seed: 12197630011565883508

13 ChiefBigBeans the Vexing (level 2, -8/22 HPs)
             Began as a Barachi Hexslinger on Sept 25, 2023.
             Mangled by an iguana (10 damage)
             ... on level 4 of the Dungeon.
             The game lasted 00:04:33 (731 turns).

ChiefBigBeans the Vexing (Barachi Hexslinger)        Turns: 731, Time: 00:04:34

Health: -8/22      AC:  5    Str: 11    XL:     2   Next: 37%
Magic:  4/4        EV: 12    Int: 13    God:
Gold:   70         SH:  0    Dex: 12    Spells: 3/4 levels left

rFire   . . .        a - +1 sling
rCold   . . .        (no shield)
rNeg    . . .        c - +0 robe
rPois   .            d - +2 helmet
rElec   .            (no cloak)
rCorr   +            (no gloves)
SInv    .            (no boots)
Will    .....        (no amulet)
Stlth   +            h - ring of resist corrosion
HPRegen 0.23/turn    (no ring)
MPRegen 0.09/turn

%: no passive effects
@: unable to hop, slow
A: amphibious, slowness 1, strong legs 1, +LOS
a: Hop


You were on level 4 of the Dungeon.
You visited 1 branch of the dungeon, and saw 4 of its levels.

You collected 70 gold pieces.

Inventory:

Hand Weapons
 a - a +1 sling (weapon)
Armour
 c - a +0 robe (worn)
 d - a +2 helmet (worn)
 f - a +0 scale mail
Jewellery
 h - a ring of resist corrosion (left hand)
Scrolls
 b - 2 scrolls of poison
 e - 2 scrolls of teleportation {unknown}
 g - 3 scrolls of magic mapping {unknown}


   Skills:
 + Level 1.9 Fighting
 + Level 2.3 Ranged Weapons
 - Level 2.1 Dodging
 + Level 1.6 Spellcasting
 - Level 3.2 Hexes


You had 3 spell levels left.
You knew the following spells:

 Your Spells              Type           Power      Damage    Failure   Level
a - Slow                  Hex            36%        N/A       7%          1

Your spell library contained the following spells:

 Spells                   Type           Power      Damage    Failure   Level
 Ensorcelled Hibernation  Hex/Ice        10%        N/A       21%         2
 Inner Flame              Hex/Fire       5%         N/A       38%         3
 Portal Projectile        Hex/Tloc       10%        N/A       38%         3
 Spider Form              Tmut/Pois      1%         N/A       63%         3
 Cause Fear               Hex            4%         N/A       56%         4
 Anguish                  Hex/Necr       2%         N/A       80%         4


Dungeon Overview and Level Annotations

Branches:
Dungeon (4/15)
 Temple: D:4-7

Altars:
Ashenzari


Innate Abilities, Weirdness & Mutations

You are amphibious.
You cover ground slowly.
You can hop short distances.
You have an extended range of vision and can be seen from far away.


Message History

The iguana bites you.
You shoot a sling bullet.
The sling bullet closely misses the iguana.
The iguana bites you!
You shoot a sling bullet. The sling bullet hits the iguana.
The iguana is moderately wounded.
The iguana bites you.
You are too injured to fight recklessly!
You are too injured to fight recklessly!
You are too injured to fight recklessly!
Hop to where?
Press: ? - help, Dir - move target, p - iguana
Found a stone staircase leading up.
Boing!
Found a fluorescent wand.
A dart slug comes into view.
The hobgoblin is no longer moving slowly.
The dart slug launches a dart at you.
The slug dart hits you but does no damage.
There is a stone staircase leading up here.
You climb upwards.
The hobgoblin shouts! x3; The orc shouts!
You hear a shout!
You hear a bark! x2
There is a stone staircase leading down here.
Okay, then.
The jackal barks!
The bat hits you.
An orc comes into view. It is wielding a +0 mace.
The hobgoblin hits you but does no damage.
The orc hits you with a +0 hand axe.
* * * LOW HITPOINT WARNING * * *
The bat closely misses you. The hobgoblin closely misses you.
The orc hits you with a +0 hand axe.
* * * LOW HITPOINT WARNING * * *
The hobgoblin closely misses you.
You climb downwards.
The iguana misses you.
The iguana bites you but does no damage.
There is a stone staircase leading up here.
The dart slug launches a dart at you. The slug dart misses you.
The slug dart hits the hobgoblin.
The iguana bites you!
You die...

### ## #### ...###
##.## #..##......
#...###..../.....
#...##...........
#...##.g.o.......
##..##.g@..w.....
#....#Bg.l....... #
####
#.........###...#
.##..## ##..##....#
##
......##.....###..#
..........#..# ..##
..........##.....#
....#....($.....##
...##...##.....#


You could see an iguana, a dart slug, an orc, a giant cockroach and 3
hobgoblins.

Vanquished Creatures
  2 ball pythons
  2 bats (D:1)
  2 endoplasms
  A giant cockroach (D:2)
  3 goblins (D:1)
  A frilled lizard (D:1)
  A rat (D:1)
12 creatures vanquished.

Notes
Turn   | Place    | Note
-------+----------+-------------------------------------------
     0 | D:1      | ChiefBigBeans the Barachi Hexslinger began the quest for
                  | the Orb.
     0 | D:1      | Reached XP level 1. HP: 15/15 MP: 2/2
   313 | D:1      | Found a faded altar of an unknown god.
   385 | D:1      | Reached XP level 2. HP: 22/22 MP: 0/4
   644 | D:1      | Found a broken altar of Ashenzari.
   707 | D:2      | You fall into a shaft and drop 2 floors!
   731 | D:4      | Mangled by an iguana

Illustrated notes

Levels and vault maps discovered:
D:1:      dpeg_arrival_water_altar, layout_rooms,
          chequers_ecumenical_altar_twisty
D:2:      layout_basic, basic_altar
D:3:      lemuel_castle_with_subvaults [lemuel_castle_interior_carwin_2],
          layout_loops_ring, st_stairs_3, kennysheep_minor_cross
D:4:      layout_cave_pools, minmay_rat_hole

Action                     || total
---------------------------++-------
   Fire: Sling             ||    38
   Cast: Slow              ||    11
Ability: Hop               ||     2
 Armour: Scale mail        ||     1
         Robe              ||     4
  Dodge: Dodged            ||    16
